 Dungeon Crawl Stone Soup version 0.21.1-1-g345015f (webtiles) character file.

1996 sking99 the Basher (level 9, -7/75 HPs)
             Began as a Minotaur Fighter on June 29, 2018.
             Was a Follower of Uskayaw.
             Mangled by an orc warrior
             ... wielding a +0 halberd
              (17 damage)
             ... on level 6 of the Dungeon.
             The game lasted 00:11:15 (5150 turns).

sking99 the Basher (Minotaur Fighter)               Turns: 5150, Time: 00:11:16

Health: -7/75      AC:  9    Str: 20    XL:     9   Next: 1%
Magic:  8/11       EV:  5    Int:  5    God:    Uskayaw [*.....]
Gold:   226        SH: 10    Dex: 14    Spells: 7/8 levels left

rFire    . . .     SeeInvis .   a - +0 flail
rCold    . . .     Gourm    .   c - +0 shield
rNeg     . . .     Faith    .   w - +0 chain mail
rPois    .         Spirit   .   (helmet restricted)
rElec    .         Reflect  .   (no cloak)
rCorr    .         Harm     .   (no gloves)
MR       .....                  (no boots)
Stlth    ..........             (no amulet)
HPRegen  0.22/turn              (no ring)
MPRegen  0.12/turn              (no ring)

@: no status effects
A: retaliatory headbutt, horns 2
a: Stomp, Renounce Religion


You were on level 6 of the Dungeon.
You worshipped Uskayaw.
Uskayaw was noncommittal.
You were not hungry.

You visited 1 branch of the dungeon, and saw 6 of its levels.

You collected 226 gold pieces.

Inventory:

Hand Weapons
 a - a +0 flail (weapon)
Armour
 b - a +0 scale mail
 c - a +0 shield (worn)
 w - a +0 chain mail (worn)
Jewellery
 t - an uncursed ring of wizardry {unknown}
 v - a cursed ring of loudness {unknown}
 x - the cursed ring "Booraalyun" {-Tele rPois rF- Str-6 Dex+5, unknown}
   (You found it on level 4 of the Dungeon)

   [ring of strength]

   It affects your strength (-6).
   It affects your dexterity (+5).
   It makes you vulnerable to fire.
   It protects you from poison.
   It prevents most forms of teleportation.
   It has a curse placed upon it.
 z - a cursed ring of teleportation {unknown}
 B - an uncursed ring of resist corrosion {unknown}
 E - a cursed amulet of inaccuracy {unknown}
 F - an uncursed ring of protection from cold {unknown}
Wands
 q - a wand of clouds (6)
Scrolls
 e - a scroll of blinking {unknown}
 h - 3 scrolls of enchant armour {unknown}
 j - 6 scrolls of identify {unknown}
 n - 3 scrolls of teleportation {unknown}
 o - a scroll of remove curse {unknown}
 s - a scroll of random uselessness {unknown}
 u - a scroll of magic mapping {unknown}
 y - a scroll of immolation {unknown}
 A - a scroll of fog {unknown}
 I - a scroll of summoning {unknown}
Potions
 d - a potion of might
 i - a potion of curing
 k - a potion of haste {unknown}
 l - 2 potions of mutation {unknown}
 m - 3 potions of heal wounds {unknown}
 p - 2 potions of magic {unknown}
 r - a potion of degeneration {unknown}
 C - a potion of flight {unknown}
 H - a potion of berserk rage {unknown}
Books
 g - a book of Cantrips

   Spells                             Type                      Level
   a - Confusing Touch                Hexes                        1
   b - Animate Skeleton               Necromancy                   1
   c - Summon Small Mammal            Summoning                    1
   d - Apportation                    Translocation                1
 D - a book of Misfortune

   Spells                             Type                      Level
   a - Confusing Touch                Hexes                        1
   b - Confuse                        Hexes                        3
   c - Gell's Gravitas                Translocation                3
   d - Petrify                        Transmutation/Earth          4
   e - Metabolic Englaciation         Hexes/Ice                    5
   f - Yara's Violent Unravelling     Hexes/Transmutation          5
Comestibles
 f - 8 rations
 G - 2 chunks of flesh


   Skills:
 - Level 6.2 Fighting
 * Level 10.6 Maces & Flails
 - Level 3.6 Armour
 + Level 6.4 Shields
 + Level 4.6 Invocations


You had 7 spell levels left.
You knew the following spells:

 Your Spells              Type           Power        Failure   Level  Hunger
a - Apportation           Tloc           #.....       100%        1    ##.....


Dungeon Overview and Level Annotations

Branches:
Dungeon (6/15)
 Temple: D:4-7

Altars:
Cheibriados
Uskayaw


Innate Abilities, Weirdness & Mutations

You reflexively headbutt those who attack you in melee.
You have a pair of horns on your head.


Message History

You hit the orc warrior but do no damage.
You headbutt the orc warrior, but do no damage.
The orc warrior is severely wounded.
You block the orc warrior's attack.
Your chain mail prevents you from hitting the orc warrior.
You headbutt the orc warrior.
The orc warrior is almost dead.
You block the orc warrior's attack.
The orc priest begins to cast a cantrip, but forgets the words!
You hit the orc warrior but do no damage.
The orc warrior is almost dead.
The orc priest casts a cantrip, but nothing happens.
The orc warrior hits you with a halberd.
* * * LOW HITPOINT WARNING * * *
You hit the orc warrior. Your headbutt misses the orc warrior.
The orc warrior is almost dead.
You closely miss the orc warrior.
The orc warrior is almost dead.
The orc warrior hits you with a halberd!
You die...

..............#
#.#####
........###.### #
#...... ........###.#
..# #######
............#####...#
#####
..#####.............+
..... ..
............##...
########
.......####.#
#....... ....... #.#
#....... ....... #@#
#....... ###.### #o#
####....... #. .o#
#.......... . ####
#..........
#.....##'##
#.....##<# ##########


You could see an orc warrior and an orc priest.

Vanquished Creatures
  Pikel (D:5)
  Prince Ribbit (D:5)
  2 sky beasts (D:5)
  A phantom (D:5)
  An ogre (D:5)
  A centaur (D:5)
  3 scorpions
  A howler monkey (D:4)
  A crimson imp (D:4)
  2 hounds (D:4)
  3 orc priests
  A jelly (D:5)
  A bullfrog skeleton (D:5)
  A centaur skeleton (D:6)
  3 orc wizards (D:5)
  Terence (D:2)
  3 worker ants (D:4)
  3 gnolls (D:3)
  13 adders
  A worm (D:2)
  4 dart slugs
  3 leopard geckos
  11 orcs
  2 ball pythons (D:3)
  11 bats
  7 giant cockroaches
  12 goblins
  4 hobgoblins
  7 jackals
  4 quokkas
  11 frilled lizards
  8 kobolds
  2 leopard gecko skeletons
  A leopard gecko zombie (D:5)
  7 rats
138 creatures vanquished.

Vanquished Creatures (others)
  An orc (D:5)
  A jackal (D:5)
2 creatures vanquished.

Grand Total: 140 creatures vanquished

Notes
Turn   | Place    | Note
-------+----------+-------------------------------------------
     0 | D:1      | sking99 the Minotaur Fighter began the quest for the Orb.
     0 | D:1      | Reached XP level 1. HP: 19/19 MP: 0/0
   108 | D:1      | Reached skill level 3 in Maces & Flails
   125 | D:1      | Reached XP level 2. HP: 27/27 MP: 1/1
   615 | D:1      | Reached XP level 3. HP: 32/33 MP: 2/2
   781 | D:2      | Reached skill level 4 in Maces & Flails
   832 | D:2      | Found a snail-covered altar of Cheibriados.
  1006 | D:2      | Reached XP level 4. HP: 40/41 MP: 3/3
  1282 | D:2      | Noticed Terence
  1290 | D:2      | Killed Terence
  1290 | D:2      | Reached skill level 5 in Maces & Flails
  1435 | D:3      | Reached XP level 5. HP: 47/47 MP: 4/4
  1478 | D:3      | Reached skill level 5 in Fighting
  1673 | D:3      | Found a faded altar of an unknown god.
  1697 | D:3      | Became a worshipper of Uskayaw the Reveler
  1697 | D:3      | Reached * piety under Uskayaw
  1796 | D:3      | Reached ** piety under Uskayaw
  1826 | D:3      | Reached skill level 6 in Maces & Flails
  2627 | D:4      | Reached XP level 6. HP: 46/56 MP: 5/5
  2798 | D:4      | Learned a level 1 spell: Apportation
  2873 | D:4      | Reached skill level 7 in Maces & Flails
  2895 | D:4      | Got a twitching copper ring
  3145 | D:4      | Reached skill level 1 in Invocations
  3146 | D:4      | Reached *** piety under Uskayaw
  3150 | D:4      | Reached XP level 7. HP: 46/63 MP: 6/6
  3150 | D:4      | Reached **** piety under Uskayaw
  3537 | D:5      | Entered Level 5 of the Dungeon
  3554 | D:5      | Reached skill level 8 in Maces & Flails
  3781 | D:5      | Found a snail-covered altar of Cheibriados.
  3894 | D:5      | Reached skill level 9 in Maces & Flails
  3894 | D:5      | Reached XP level 8. HP: 49/70 MP: 9/9
  4023 | D:5      | Noticed Pikel
  4045 | D:5      | Killed Pikel
  4045 | D:5      | Reached skill level 5 in Shields
  4141 | D:5      | Reached skill level 10 in Maces & Flails
  4251 | D:5      | Noticed Prince Ribbit
  4533 | D:5      | Killed Prince Ribbit
  4880 | D:5      | Reached XP level 9. HP: 75/75 MP: 11/11
  5150 | D:6      | Mangled by an orc warrior

Skill      XL: |  1  2  3  4  5  6  7  8 |
---------------+-------------------------+-----
Maces & Flails | 3 4 5 6 7 9 10 | 10.6
Fighting       | 4 5 6 |  6.2
Invocations    | 1 3 4 |  4.6
Shields        | 4 6 |  6.4
Armour         | |  3.6

Action                   |  1- 3 |  4- 6 |  7- 9 || total
-------------------------+-------+-------+-------++-------
Melee: Flail             |   101 |   152 |   169 ||   422
       Headbutt          |    13 |    28 |    34 ||    75
Invok: Stomp             |       |       |     1 ||     1
  Use: Potion            |       |     1 |       ||     1
 Stab: Paralysed         |       |     1 |     6 ||     7
       Distracted        |       |       |     1 ||     1
  Eat: Chunk             |       |     7 |     7 ||    14
Armor: Scale mail        |    41 |    32 |       ||    73
       Chain mail        |       |    16 |    42 ||    58
Dodge: Dodged            |    22 |    31 |    35 ||    88
Block: Shield            |    44 |    62 |    65 ||   171
